 Dungeon Crawl Stone Soup version 0.26-a0-466-g989023bd0d (webtiles) character file.

Game seed: 2503778303194710692

0 Gargoyl the Skirmisher (level 1, -2/23 HPs)
             Began as a Gnoll Abyssal Knight on July 30, 2020.
             Was a Follower of Lugonu.
             Slain by a tentacle (9 damage)
             ... attached to a kraken
             ... on level 3 of the Abyss.
             The game lasted 00:00:28 (134 turns).

Gargoyl the Skirmisher (Gnoll Abyssal Knight)        Turns: 134, Time: 00:00:29

Health: -2/23      AC:  3    Str: 13 (14) XL:     1   Next: 0%
Magic:  3/3        EV: 12    Int: 14      God:    Lugonu [*.....]
Gold:   124        SH:  0    Dex: 13 (14) Spells: 0/0 levels left

rFire    + . .     SeeInvis .   a - +1 hand axe
rCold    + . .     Faith    .   (no shield)
rNeg     . . .     Spirit   .   b - +0 leather armour
rPois    +         Reflect  .   (no helmet)
rElec    +         Harm     .   (no cloak)
rCorr    +                      (no gloves)
MR       .....                  (no boots)
Stlth    +.........             (no amulet)
HPRegen  0.07/turn              (no ring)
MPRegen  0.08/turn              (no ring)

@: resistant
A: distributed training, fangs 1, [deterioration 2], strong nose
a: Depart the Abyss, Renounce Religion


You were on level 3 of the Abyss.
You worshipped Lugonu.
Lugonu was aware of your devotion.
You visited 0 branches of the dungeon, and saw 0 of its levels.
You visited the Abyss 1 time.

You collected 124 gold pieces.

Inventory:

Hand Weapons
 a - a +1 hand axe (weapon)
Armour
 b - a +0 leather armour (worn)


   Skills:
 + Level 6.4 Fighting
 + Level 0.0 Short Blades
 + Level 0.0 Long Blades
 + Level 4.4 Axes
 + Level 0.0 Maces & Flails
 + Level 0.0 Polearms
 + Level 0.0 Staves
 + Level 0.0 Slings
 + Level 0.0 Bows
 + Level 0.0 Crossbows
 + Level 0.0 Throwing
 + Level 4.4 Armour
 + Level 2.3 Dodging
 + Level 0.0 Stealth
 + Level 0.0 Shields
 + Level 0.0 Unarmed Combat
 + Level 0.0 Spellcasting
 + Level 0.0 Conjurations
 + Level 0.0 Hexes
 + Level 0.0 Summonings
 + Level 0.0 Necromancy
 + Level 0.0 Translocations
 + Level 0.0 Transmutations
 + Level 0.0 Fire Magic
 + Level 0.0 Ice Magic
 + Level 0.0 Air Magic
 + Level 0.0 Earth Magic
 + Level 0.0 Poison Magic
 + Level 4.4 Invocations
 + Level 0.0 Evocations


You couldn't memorise any spells.
You didn't know any spells.
Your spell library was empty.

Dungeon Overview and Level Annotations

Branches:
Dungeon (0/15)

Altars:


Innate Abilities, Weirdness & Mutations

Your experience applies equally to all skills.
You have very sharp teeth.
Your uncanny sense of smell can sniff out nearby items.
[Your body often deteriorates upon taking damage.]


Message History

4 tentacles and 2 starspawn tentacles come into view.
You enter the shallow water.
Moving in this stuff is going to be slow.
The starspawn tentacle grabs you.
Your body deteriorates!
You feel weakened. The starspawn tentacle constricts you.
The starspawn tentacle loses its grip on you.
A raiju comes into view.
The raiju barks!
You hear a bark!
The raiju bursts into living lightning!
The living lightning hits you. You resist.
Your body deteriorates!
You feel clumsy.
The raiju blinks! x2
The shadow demon gestures.
Tentacles burst out of the water! 2 tentacles come into view.
Unknown command.
An apocalypse crab comes into view.
The tentacle slaps you!
You die...

..##t. ≈.≈≈§§.
≈≈.≈..≈.#
≈≈≈≈≈≈≈.##
≈≈w≈≈≈≈≈≈..
≈≈≈≈Xw≈≈≈\.# #
≈≈≈≈∩≈≈≈≈.w##.#
.≈≈≈≈≈≈≈≈Λv#@.##
≈≈≈≈≈≈≈≈│wX.h..#
≈≈≈≈≈≈≈≈│─w##..#
.≈≈≈≈*≈*w.####...
......D≈...# ###§
####.##2####
#.....4## ##
#.#...#.## ..
#...##...#.##


You could see a kraken, a bone dragon (summoned), a tentacled starspawn, a
wretched star (summoned), a shadow demon, an apocalypse crab (wandering), 3
tentacles, a hellwing (summoned), a raiju and 2 starspawn tentacles.

Vanquished Creatures (others)
  A lurking horror (Abyss:3)
  2 tentacles (Abyss:3)
3 creatures vanquished.

Notes
Turn   | Place    | Note
-------+----------+-------------------------------------------
     0 | Abyss:1  | Gargoyl the Gnoll Abyssal Knight began the quest for the
                  | Orb.
     0 | Abyss:1  | Reached XP level 1. HP: 23/23 MP: 3/3
    61 | Abyss:2  | Noticed a large abomination
   118 | Abyss:3  | Noticed a wretched star
   119 | Abyss:3  | Noticed a shadow demon
   121 | Abyss:3  | Noticed a hellwing
   129 | Abyss:3  | Noticed a tentacled starspawn
   130 | Abyss:3  | Noticed a kraken
   130 | Abyss:3  | Noticed a spatial maelstrom
   133 | Abyss:3  | Noticed a raiju
   134 | Abyss:3  | Noticed a wretched star
   134 | Abyss:3  | Noticed a bone dragon
   134 | Abyss:3  | Noticed an apocalypse crab
   134 | Abyss:3  | Slain by a tentacle

Illustrated notes

Levels and vault maps discovered:
Abyss:3:  evilmike_abyss_exit_chaos, nicolae_abyss_rune_star_stuff,
          evilmike_abyss_exit_12, evilmike_abyss_exit_12,
          evilmike_abyss_exit_kraken, hangedman_abyss_stitches_cave,
          evilmike_abyss_exit_kraken, hangedman_abyss_batty_box

Action                   || total
-------------------------++-------
Melee: Hand axe          ||     1
  Use: Potion            ||     2
       Scroll            ||     1

Table legend: (Time is in decaauts)
 A = Elapsed time spent in this place.
 B = Non-inter-level travel time spent in this place.
 C = Inter-level travel time spent in this place.
 D = Time resting spent in this place.
 E = Time spent auto-exploring this place.
 F = Levels seen in this place.
 G = Mean time per level.
                   A        B        C        D        E       F      G
               +--------+--------+--------+--------+--------+-----+--------+
         Total |    135 |    135 |      0 |      0 |     88 |   3 |   45.0 |
         Abyss |    135 |    135 |      0 |      0 |     88 |   3 |   45.0 |
               +--------+--------+--------+--------+--------+-----+--------+

Top non-repeatable levels by time:
 Abyss:3: 74 daAuts
 Abyss:2: 37 daAuts
 Abyss:1: 24 daAuts
